AZL
LOS ANGELES N (AZL) DODGERS @ MILWAUKEE (AZL) BREWERS
08/08/2104
 
TOP OF THE 1ST
Los Angeles N (AZL) Dodgers batting - Pitching for Milwaukee (AZL) Brewers : RHP Vinny Guzman
Pitching: RHP Vinny Guzman
Batting: RHB Luis Cano 0-0: Fly out, F9 (Flyball, 9, EV 80.0 MPH)
Batting: RHB Enrique Escobar 0-0: Ball
1-0: Swinging Strike
1-1: Called Strike
1-2: Ball
2-2: Foul Ball, location: 2F
2-2: Ball
3-2: Ground out 6-3 (Groundball, 6D, EV 79.4 MPH)
Batting: RHB Doug Evans 0-0: Ball
1-0: SINGLE (Groundball, 6MD, EV 94.4 MPH)
Batting: RHB Ivan Manjarrez 0-0: Ball
1-0: Swinging Strike
1-1: Foul Ball, location: 3DF
1-2: Ball
2-2: Foul Ball, location: 2F
2-2: Fly out, F3 (Popup, 3SF, EV 71.9 MPH)
Top of the 1st over - 0 runs, 1 hit, 0 errors, 1 left on base; Los Angeles N (AZL) 0 - Milwaukee (AZL) 0
BOTTOM OF THE 1ST
Milwaukee (AZL) Brewers batting - Pitching for Los Angeles N (AZL) Dodgers : RHP Alfredo Ramirez
Pitching: RHP Alfredo Ramirez
Batting: LHB Curt Anderson 0-0: Ball
1-0: Fly out, F8 (Line Drive, 8RM, EV 102.5 MPH)
Batting: RHB Dennis Schickel 0-0: Called Strike
0-1: Fly out, F8 (Line Drive, 8RD, EV 83.1 MPH)
Batting: SHB Mike Paskewitz 0-0: Called Strike
0-1: Ball
1-1: Ball
2-1: SINGLE (Groundball, 34D, EV 95.0 MPH)
Batting: RHB Carlos Aguirre 0-0: Ball
1-0: Ball
2-0: Ball
3-0: Called Strike
3-1: Foul Ball, location: 9LSF
3-2: Foul Ball, location: 9LSF
3-2: SINGLE (Groundball, 4D, EV 103.1 MPH)
Mike Paskewitz to second
Mike Paskewitz to third
Batting: LHB Tony Gracida 0-0: Ball
1-0: Foul Ball, location: 3FF
1-1: Fly out, F8 (Flyball, 8RS, EV 86.3 MPH)
Bottom of the 1st over - 0 runs, 2 hits, 0 errors, 2 left on base; Los Angeles N (AZL) 0 - Milwaukee (AZL) 0
TOP OF THE 2ND
Los Angeles N (AZL) Dodgers batting - Pitching for Milwaukee (AZL) Brewers : RHP Vinny Guzman
Batting: SHB Brad Bauer 0-0: Ball
1-0: Called Strike
1-1: Ball
2-1: Ball
3-1: Called Strike
3-2: Fly out, F6 (Popup, 6MS, EV 79.4 MPH)
Batting: RHB Joel Vallone 0-0: Ball
1-0: Ball
2-0: SINGLE (Groundball, 4MD, EV 96.3 MPH)
Batting: RHB Josh Bayze 0-0: Swinging Strike
0-1: Ball
1-1: Swinging Strike
1-2: Foul Ball, location: 3F
1-2: Strikes out swinging
Batting: RHB Miguel Magana 0-0: Ball
1-0: Ball
2-0: SINGLE (Groundball, 4MS, EV 66.3 MPH) (infield hit)
Joel Vallone to second
Pitching: LHP Jay Garza
Batting: RHB Andy Morgan 0-0: Ball
1-0: Called Strike
1-1: Ball
2-1: Called Strike
2-2: Strikes out looking
Top of the 2nd over - 0 runs, 2 hits, 0 errors, 2 left on base; Los Angeles N (AZL) 0 - Milwaukee (AZL) 0
BOTTOM OF THE 2ND
Milwaukee (AZL) Brewers batting - Pitching for Los Angeles N (AZL) Dodgers : RHP Alfredo Ramirez
Batting: SHB Jose Gomez 0-0: Ball
1-0: Swinging Strike
1-1: Fly out, F7 (Flyball, 7LD, EV 76.3 MPH)
Batting: RHB Matt Werling 0-0: Ball
1-0: Ball
2-0: Fly out, F5 (Line Drive, 56, EV 68.1 MPH)
Batting: RHB Carlos Colon 0-0: Ball
1-0: Foul Ball, location: 3SF
1-1: Ball
2-1: Swinging Strike
2-2: Strikes out swinging
Bottom of the 2nd over - 0 runs, 0 hits, 0 errors, 0 left on base; Los Angeles N (AZL) 0 - Milwaukee (AZL) 0
TOP OF THE 3RD
Los Angeles N (AZL) Dodgers batting - Pitching for Milwaukee (AZL) Brewers : LHP Jay Garza
Batting: RHB Luis Cano 0-0: Swinging Strike
0-1: SINGLE (Groundball, 15, EV 71.3 MPH) (infield hit)
Batting: RHB Enrique Escobar 0-0: Ball
1-0: Called Strike
1-1: Ball
2-1: Ball
3-1: Called Strike
3-2: Foul Ball, location: 3F
3-2: Fly out, F7 (Flyball, 7D, EV 98.8 MPH)
Batting: RHB Doug Evans 0-0: Called Strike
0-1: Ball
1-1: Foul Ball, location: 2RF
1-2: Strikes out swinging
Batting: RHB Ivan Manjarrez 0-0: Ball
1-0: Ball
2-0: Ball
3-0: Base on Balls
Luis Cano to second
Batting: SHB Brad Bauer 0-0: Called Strike
0-1: Fly out, F5 (Line Drive, 5, EV 71.9 MPH)
Top of the 3rd over - 0 runs, 1 hit, 0 errors, 2 left on base; Los Angeles N (AZL) 0 - Milwaukee (AZL) 0
BOTTOM OF THE 3RD
Milwaukee (AZL) Brewers batting - Pitching for Los Angeles N (AZL) Dodgers : RHP Alfredo Ramirez
Batting: RHB Chris Ressler 0-0: Called Strike
0-1: Called Strike
0-2: Ball
1-2: Strikes out swinging
Batting: LHB Curt Anderson 0-0: Ball
1-0: Ball
2-0: SINGLE (Groundball, 4MD, EV 96.9 MPH)
Batting: RHB Dennis Schickel 0-0: Ball
Curt Anderson steals 2nd base
1-0: Fly out, F9 (Flyball, 9, EV 85.0 MPH)
Batting: SHB Mike Paskewitz 0-0: Ball
1-0: Ball
2-0: Foul Ball, location: 3DF
2-1: Ground out 5-3 (Groundball, 56, EV 84.4 MPH)
Bottom of the 3rd over - 0 runs, 1 hit, 0 errors, 1 left on base; Los Angeles N (AZL) 0 - Milwaukee (AZL) 0
TOP OF THE 4TH
Los Angeles N (AZL) Dodgers batting - Pitching for Milwaukee (AZL) Brewers : LHP Jay Garza
Batting: RHB Joel Vallone 0-0: Foul Ball, location: 9LMF
0-1: Foul Ball, location: 9LSF
0-2: SINGLE (Groundball, 25, EV 68.1 MPH) (infield hit)
Batting: RHB Josh Bayze 0-0: Ball
1-0: Called Strike
1-1: Sac Bunt to 15 - play at first, batter OUT! 1-3
Joel Vallone to second
Batting: RHB Miguel Magana 0-0: Ball
1-0: Called Strike
1-1: Ball
2-1: Ground out U3 (Groundball, 3, EV 78.8 MPH)
Joel Vallone to third
Batting: RHB Andy Morgan 0-0: Swinging Strike
0-1: Ball
1-1: Called Strike
1-2: Ball
2-2: Ball
3-2: Foul Ball, location: 2F
3-2: Base on Balls
Batting: RHB Luis Cano 0-0: Reached on error, E5 (Groundball, 56, EV 106.9 MPH)
Joel Vallone scores
Andy Morgan to second
Batting: RHB Enrique Escobar 0-0: Foul Ball, location: 3SF
0-1: Fly out, F7 (Flyball, 7S, EV 86.9 MPH)
Top of the 4th over - 1 run, 1 hit, 1 error, 2 left on base; Los Angeles N (AZL) 1 - Milwaukee (AZL) 0
BOTTOM OF THE 4TH
Milwaukee (AZL) Brewers batting - Pitching for Los Angeles N (AZL) Dodgers : RHP Alfredo Ramirez
Batting: RHB Carlos Aguirre 0-0: Called Strike
0-1: Ground out 3-1 (Groundball, 34, EV 103.8 MPH)
Batting: LHB Tony Gracida 0-0: Foul Ball, location: 2F
0-1: Ball
1-1: SINGLE (Line Drive, 9S, EV 101.9 MPH)
Batting: SHB Jose Gomez 0-0: Called Strike
0-1: Ball
1-1: Ball
2-1: Called Strike
2-2: Ball
3-2: Grounds into double play, 5-4-3 (Groundball, 56, EV 84.4 MPH)
Bottom of the 4th over - 0 runs, 1 hit, 0 errors, 0 left on base; Los Angeles N (AZL) 1 - Milwaukee (AZL) 0
TOP OF THE 5TH
Los Angeles N (AZL) Dodgers batting - Pitching for Milwaukee (AZL) Brewers : LHP Jay Garza
Batting: RHB Doug Evans 0-0: Called Strike
0-1: Ball
1-1: Fly out, F8 (Flyball, 8LD, EV 93.1 MPH)
Batting: RHB Ivan Manjarrez 0-0: Ground out 6-3 (Groundball, 6S, EV 75.0 MPH)
Batting: SHB Brad Bauer 0-0: Ball
1-0: Foul Ball, location: 2F
1-1: Ball
2-1: Swinging Strike
2-2: Strikes out swinging
Top of the 5th over - 0 runs, 0 hits, 0 errors, 0 left on base; Los Angeles N (AZL) 1 - Milwaukee (AZL) 0
BOTTOM OF THE 5TH
Milwaukee (AZL) Brewers batting - Pitching for Los Angeles N (AZL) Dodgers : RHP Alfredo Ramirez
Batting: RHB Matt Werling 0-0: Swinging Strike
0-1: Swinging Strike
0-2: Foul Ball, location: 9LDF
0-2: Strikes out swinging
Batting: RHB Carlos Colon 0-0: Ball
1-0: Ball
2-0: SINGLE (Groundball, 4MD, EV 101.3 MPH)
Batting: RHB Chris Ressler 0-0: Ball
1-0: Ball
2-0: Called Strike
2-1: Bunt missed!
2-2: Fly out, F7 (Flyball, 7LSF, EV 85.0 MPH)
Batting: LHB Curt Anderson 0-0: 2-RUN HOME RUN (Flyball, 8LXD, EV 112.5 MPH), Distance : 454 ft
Batting: RHB Dennis Schickel 0-0: Ball
1-0: Called Strike
1-1: Ball
2-1: Foul Ball, location: 5SF
2-2: Ball
3-2: Strikes out swinging
Bottom of the 5th over - 2 runs, 2 hits, 0 errors, 0 left on base; Los Angeles N (AZL) 1 - Milwaukee (AZL) 2
TOP OF THE 6TH
Los Angeles N (AZL) Dodgers batting - Pitching for Milwaukee (AZL) Brewers : LHP Jay Garza
Batting: RHB Joel Vallone 0-0: Called Strike
0-1: Called Strike
0-2: Foul Ball, location: 2F
0-2: Foul Ball, location: 2F
0-2: DOUBLE (Line Drive, 89D, EV 107.5 MPH)
Batting: RHB Josh Bayze 0-0: Ball
1-0: Called Strike
1-1: Ball
2-1: Fly out, F8 (Flyball, 8LM, EV 92.5 MPH)
Batting: RHB Miguel Magana 0-0: Called Strike
0-1: Ground out 5-3 (Groundball, 56, EV 96.9 MPH)
Batting: RHB Victor de la Rosa 0-0: Ground out 5-3 (Groundball, 56S, EV 83.1 MPH)
Top of the 6th over - 0 runs, 1 hit, 0 errors, 1 left on base; Los Angeles N (AZL) 1 - Milwaukee (AZL) 2
BOTTOM OF THE 6TH
Milwaukee (AZL) Brewers batting - Pitching for Los Angeles N (AZL) Dodgers : RHP Alfredo Ramirez
Batting: SHB Mike Paskewitz 0-0: Called Strike
0-1: Called Strike
0-2: Ball
1-2: SINGLE (Flyball, 8LS, EV 85.0 MPH)
Batting: RHB Carlos Aguirre 0-0: Ball
1-0: Ball
2-0: Fly out, F7 (Flyball, 78D, EV 90.6 MPH)
Batting: LHB Tony Gracida 0-0: Ball
1-0: Fly out, F8 (Flyball, 8LD, EV 88.1 MPH)
Pitching: RHP Jerry Villa
Batting: SHB Jose Gomez 0-0: Ball
Mike Paskewitz is caught stealing 2nd base 2-6
Bottom of the 6th over - 0 runs, 1 hit, 0 errors, 0 left on base; Los Angeles N (AZL) 1 - Milwaukee (AZL) 2
TOP OF THE 7TH
Los Angeles N (AZL) Dodgers batting - Pitching for Milwaukee (AZL) Brewers : LHP Jay Garza
Batting: RHB Luis Cano 0-0: Called Strike
0-1: Called Strike
0-2: Strikes out swinging
Batting: RHB Enrique Escobar 0-0: Ball
1-0: Hit by Pitch
Batting: RHB Doug Evans 0-0: Foul Ball, location: 3SF
0-1: Called Strike
0-2: Ball
1-2: Strikes out swinging
Pitching: RHP Luke Deyo
Batting: RHB Ivan Manjarrez 0-0: Ball
1-0: Called Strike
1-1: Ball
2-1: Ball
3-1: Base on Balls
Enrique Escobar to second
Batting: SHB Brad Bauer 0-0: Foul Ball, location: 5F
0-1: Swinging Strike
0-2: Foul Ball, location: 2F
0-2: Ball
1-2: Strikes out swinging
Top of the 7th over - 0 runs, 0 hits, 0 errors, 2 left on base; Los Angeles N (AZL) 1 - Milwaukee (AZL) 2
BOTTOM OF THE 7TH
Milwaukee (AZL) Brewers batting - Pitching for Los Angeles N (AZL) Dodgers : RHP Jerry Villa
Batting: SHB Jose Gomez 0-0: Ball
1-0: Ball
2-0: Fly out, F7 (Flyball, 78M, EV 89.4 MPH)
Batting: RHB Matt Werling 0-0: Ball
1-0: Ball
2-0: Ball
3-0: Called Strike
3-1: Swinging Strike
3-2: Strikes out swinging
Batting: RHB Carlos Colon 0-0: Ball
1-0: Called Strike
1-1: SINGLE (Groundball, 6S, EV 70.6 MPH) (infield hit)
Batting: RHB Chris Ressler 0-0: Ball
1-0: SINGLE (Groundball, 6MD, EV 95.6 MPH)
Carlos Colon to second
Batting: LHB Curt Anderson 0-0: Ball
1-0: Ball
2-0: SINGLE (Line Drive, 3D, EV 96.3 MPH)
Carlos Colon to third
Chris Ressler to second
Batting: RHB Dennis Schickel 0-0: Fly out, F7 (Flyball, 7, EV 85.0 MPH)
Bottom of the 7th over - 0 runs, 3 hits, 0 errors, 3 left on base; Los Angeles N (AZL) 1 - Milwaukee (AZL) 2
TOP OF THE 8TH
Los Angeles N (AZL) Dodgers batting - Pitching for Milwaukee (AZL) Brewers : RHP Luke Deyo
Batting: RHB Joel Vallone 0-0: Called Strike
0-1: SINGLE (Line Drive, 89S, EV 105.0 MPH)
Pinch Hitting: SHB Tony Morales 0-0: Foul Ball, location: 7LDF
0-1: Foul Ball, location: 2F
0-2: Fly out, F8 (Line Drive, 8RM, EV 86.3 MPH)
Pinch Hitting: RHB Dave Koning 0-0: Ball
1-0: Fly out, F6 (Popup, 6D, EV 50.6 MPH)
Batting: RHB Victor de la Rosa 0-0: Ball
1-0: Ball
2-0: Called Strike
2-1: Ball
3-1: Foul Ball, location: 2F
3-2: Foul Ball, location: 3DF
3-2: Ground out 6-3 (Groundball, 6, EV 100.0 MPH)
Top of the 8th over - 0 runs, 1 hit, 0 errors, 1 left on base; Los Angeles N (AZL) 1 - Milwaukee (AZL) 2
BOTTOM OF THE 8TH
Milwaukee (AZL) Brewers batting - Pitching for Los Angeles N (AZL) Dodgers : RHP Jerry Villa
Now at 1B: Javier Avilez
Now at 3B: Dave Koning
Batting: SHB Mike Paskewitz 0-0: Foul Ball, location: 23F
0-1: TRIPLE (Line Drive, 9LD, EV 97.5 MPH)
Batting: RHB Carlos Aguirre 0-0: Called Strike
0-1: Fly out, F6 (Line Drive, 6, EV 71.9 MPH)
Batting: LHB Tony Gracida 0-0: Ball
1-0: Called Strike
1-1: Ball
2-1: Fly out, F8 (Flyball, 8RXD, EV 105.6 MPH)
Runner from 3rd tags up, SCORES, no throw by CF
Batting: SHB Jose Gomez 0-0: Called Strike
0-1: Foul Ball, location: 7LSF
0-2: Ground out 4-3 (Groundball, 4, EV 84.4 MPH)
Bottom of the 8th over - 1 run, 1 hit, 0 errors, 0 left on base; Los Angeles N (AZL) 1 - Milwaukee (AZL) 3
TOP OF THE 9TH
Los Angeles N (AZL) Dodgers batting - Pitching for Milwaukee (AZL) Brewers : RHP Luke Deyo
Batting: RHB Luis Cano 0-0: Ball
1-0: Ball
2-0: Fly out, F4 (Popup, 3S, EV 72.5 MPH)
Pinch Hitting: LHB Freddy Sandoval 0-0: Ball
1-0: Swinging Strike
1-1: Swinging Strike
1-2: Strikes out swinging
Batting: RHB Doug Evans 0-0: Foul Ball, location: 7LMF
0-1: Foul Ball, location: 2F
0-2: Ball
1-2: Fly out, F7 (Flyball, 7LM, EV 96.9 MPH)
Top of the 9th over - 0 runs, 0 hits, 0 errors, 0 left on base; Los Angeles N (AZL) 1 - Milwaukee (AZL) 3
Tuesday, November 5th , 2024 - OOTP Baseball 25.10 Build 95